AoeStats
← feely

Nomad

508818467Analyzed
4v4 RM · 9d ago on Sep 24, 2026· 42m 24s· 8 players
Game mode
Random Map
Map size
231×231
Population
200
Speed
Normal
Resources
Standard
Victory
Conquest
Starting age
Dark Age
Ending age
Imperial Age
RankedLock teamsTeams togetherTeam positionsShared explorationLock speedFull tech treeHidden civsTurbo modeCheats
Victory
Defeat
🇹🇼 Celts · Taiwan
1484
+9
🇹🇼 Danes · Taiwan
1422
+12
🇨🇳 Georgians · China
1422
+12
🇨🇳 Huns · China
1386
+13
🇺🇸 Varangians · United States
1363
-13
🇨🇳 Malay · China
1333
-12
🇳🇿 Italians · New Zealand
1314
-11
🇨🇳 Bengalis · China
1284
-10
逝
3:54 Loom
14:13 Feudal Age
18:54 Castle Age
16:43 Double-Bit Axe
16:53 Gold Mining
17:35 Stone Mining
18:52 Wheelbarrow
18:44 Fishing Lines
21:05 Stone Shaft Mining
20:42 Bow Saw
20:41 Horse Collar
28:20 Stone Shaft Mining
29:11 Heavy Plow
32:48 Imperial Age
30:53 Hand Cart
30:47 Town Watch
31:31 Scale Barding Armor
31:37 Forging
32:12 Bloodlines
32:02 Husbandry
32:48 Chain Barding Armor
33:40 Iron Casting
33:24 Elite Monaspa
34:25 Conscription
35:27 Plate Barding Armor
38:25 Aznauri Cavalry
38:25 Svan Towers
39:16 Crop Rotation
41:21 Hoardings
feely
2:54 Loom
13:09 Feudal Age
13:50 Town Watch
13:54 Double-Bit Axe
19:06 Castle Age
17:45 Gold Mining
18:11 Stone Mining
19:42 Scale Mail Armor
20:05 Bow Saw
20:24 Squires
21:58 Fletching
34:47 Fishing Lines
36:18 Wheelbarrow
42:46 Imperial Age
41:10 Bodkin Arrow
41:27 Arson
42:03 Chain Mail Armor
42:15 Ballistics
42:57 Hand Cart
JINJIN
5:04 Loom
13:04 Feudal Age
18:05 Castle Age
16:40 Double-Bit Axe
16:46 Gold Mining
17:26 Fishing Lines
19:15 Bow Saw
19:44 Wheelbarrow
23:09 Ballistics
28:38 Horse Collar
36:43 Imperial Age
37:28 Hand Cart
37:49 Gold Shaft Mining
37:16 Heavy Plow
37:51 Furor Celtica
38:04 Heavy Scorpion
38:17 Capped Ram
39:11 Siege Ram
41:48 Chemistry
41:23 Siege Engineers
huangtmc
4:18 Loom
13:33 Feudal Age
17:22 Castle Age
15:57 Double-Bit Axe
15:57 Horse Collar
17:24 Wheelbarrow
16:36 Town Watch
18:56 Bow Saw
18:51 Heavy Plow
19:40 Gold Mining
21:28 Scale Barding Armor
41:31 Marauders
仙逆许木
3:20 Loom
4:19 Loom
14:22 Feudal Age
17:27 Castle Age
15:50 Double-Bit Axe
23:26 Wheelbarrow
22:39 Town Watch
24:25 Forging
30:42 Iron Casting
34:00 Fletching
37:26 Imperial Age
纯属意外666
5:50 Loom
16:23 Feudal Age
16:42 Feudal Age
17:47 Double-Bit Axe
19:01 Fletching
21:50 Castle Age
19:46 Fletching
19:57 Padded Archer Armor
19:48 Gold Mining
22:59 Medium Warships
23:06 Bodkin Arrow
23:27 Leather Archer Armor
22:54 Fishing Lines
24:20 Gillnets
25:02 Forging
24:52 Scale Mail Armor
24:29 Man-at-Arms
25:16 Long Swordsman
28:19 Squires
31:58 Wheelbarrow
33:46 Hand Cart
34:37 Gold Shaft Mining
33:53 Stone Mining
41:28 Imperial Age
40:12 Iron Casting
39:43 Scale Barding Armor
39:20 Light Cavalry
40:11 Bloodlines
40:01 Husbandry
40:24 Chain Mail Armor
peterzjx
5:24 Loom
13:58 Feudal Age
18:26 Castle Age
17:03 Scale Mail Armor
17:14 Forging
20:14 Squires
20:45 Chain Mail Armor
21:12 Double-Bit Axe
22:27 Arson
26:26 Gambesons
28:58 Wheelbarrow
30:34 Fishing Lines
32:53 Fletching
33:03 Padded Archer Armor
33:45 Bow Saw
34:56 Bodkin Arrow
37:05 Leather Archer Armor
38:38 Iron Casting
39:00 Scale Barding Armor
38:16 Vendel Legacy
41:09 Bloodlines
40:59 Husbandry
自闭男孩
5:30 Loom
14:28 Feudal Age
16:49 Fishing Lines
18:16 Fletching
20:57 Castle Age
35:56 Imperial Age
35:54 Wheelbarrow
35:31 Gold Mining
35:31 Stone Mining
36:26 Ballistics
37:01 Bodkin Arrow
37:19 Padded Archer Armor
38:55 Stone Shaft Mining
38:50 Double-Bit Axe
Connection lost

Rejoining the realm…

Still unreachable

The connection could not be restored.

Session expired

The server has moved on; the page needs a fresh start.